 Dungeon Crawl Stone Soup version 0.29-a0-23-ga79f92ac9c (webtiles) character file.

Game seed: 11093024221736557643

133 Gargoyl the Skirmisher (level 5, -8/47 HPs)
             Began as a Gnoll Abyssal Knight on Jan 30, 2022.
             Was a Believer of Lugonu.
             Killed by divine providence
             ... invoked by an orc priest
              (11 damage)
             ... on level 3 of the Dungeon.
             The game lasted 00:03:37 (3072 turns).

Gargoyl the Skirmisher (Gnoll Abyssal Knight)       Turns: 3072, Time: 00:03:38

Health: -8/47      AC:  3    Str: 14    XL:     5   Next: 16%
Magic:  8/8        EV: 12    Int: 10    God:    Lugonu [**....]
Gold:   121        SH:  0    Dex: 12    Spells: 6/6 levels left

rFire   . . .      SeeInvis .   a - +3 hand axe
rCold   . . .      Faith    .   (no shield)
rNeg    . . .      Spirit   .   b - +0 leather armour
rPois   .          Reflect  .   (no helmet)
rElec   .          Harm     .   (no cloak)
rCorr   +          Rampage  .   (no gloves)
Will    .....      Rnd*Tele +   (no boots)
Stlth   +.........              (no amulet)
HPRegen 0.15/turn               e - ring of resist corrosion
MPRegen 0.11/turn               (no ring)

@: no status effects
A: fangs 1, strong nose, distributed training, mutation resistance 1,
teleportitis 1
a: Renounce Religion, Depart the Abyss, Bend Space


You were on level 3 of the Dungeon.
You worshipped Lugonu.
Lugonu was pleased with you.
You visited 1 branch of the dungeon, and saw 3 of its levels.
You visited the Abyss 1 time.

You collected 121 gold pieces.

Inventory:

Hand Weapons
 a - a +3 hand axe (weapon)
Missiles
 d - a throwing net
 i - 4 poisoned darts (quivered)
Armour
 b - a +0 leather armour (worn)
Jewellery
 e - a ring of resist corrosion (left hand)


   Skills:
 + Level 6.6 Fighting
 + Level 1.4 Short Blades
 + Level 1.4 Long Blades
 + Level 4.7 Axes
 + Level 1.4 Maces & Flails
 + Level 1.4 Polearms
 + Level 1.4 Staves
 + Level 1.4 Slings
 + Level 1.4 Bows
 + Level 1.4 Crossbows
 + Level 1.4 Throwing
 + Level 4.7 Armour
 + Level 2.9 Dodging
 + Level 1.4 Stealth
 + Level 1.4 Shields
 + Level 1.4 Unarmed Combat
 + Level 1.4 Spellcasting
 + Level 1.1 Conjurations
 + Level 1.1 Hexes
 + Level 1.1 Summonings
 + Level 1.1 Necromancy
 + Level 1.1 Translocations
 + Level 1.1 Transmutations
 + Level 1.1 Fire Magic
 + Level 1.1 Ice Magic
 + Level 1.1 Air Magic
 + Level 1.1 Earth Magic
 + Level 1.1 Poison Magic
 + Level 4.8 Invocations
 + Level 1.4 Evocations


You had 6 spell levels left.
You didn't know any spells.
Your spell library contained the following spells:

 Spells                   Type           Power      Damage    Failure   Level
 Blink                    Tloc           4%         N/A       36%         2
 Lesser Beckoning         Tloc           2%         N/A       61%         3
 Manifold Assault         Tloc           2%         N/A       100%        5


Dungeon Overview and Level Annotations

Branches:
Dungeon (3/15)

Altars:


Innate Abilities, Weirdness & Mutations

You have very sharp teeth.
Your uncanny sense of smell can sniff out nearby items.
Your experience applies equally to all skills.
You are somewhat resistant to further mutation.
You are occasionally teleported next to monsters.


Message History

The orc hits you with a +0 short sword.
You hit the orc.
You kill the orc!
Lugonu accepts your kill.
The orc priest hits you from afar with a +0 trident.
Unknown command.
It was a potion of mutation.
You feel extremely strange.
You feel genetically stable.
You feel weirdly uncertain. The orc priest closely misses you.
The orc closely misses you.
You hit the orc.
The orc is lightly wounded.
The orc priest closely misses you. The orc hits you with a +0 hand axe.
Unknown command.
You hit the orc but do no damage.
The orc is lightly wounded.
The orc priest hits you from afar with a +0 trident.
The orc hits you with a +0 hand axe.
You hit the orc but do no damage.
The orc is lightly wounded.
The orc priest closely misses you. The orc closely misses you.
You hit the orc.
The orc is severely wounded.
The orc priest hits you from afar with a +0 trident.
* * * LOW HITPOINT WARNING * * *
The orc completely misses you.
Unknown command.
You hit the orc but do no damage.
The orc is severely wounded.
The orc priest hits you from afar with a +0 trident.
* * * LOW HITPOINT WARNING * * *
The orc hits you with a +0 hand axe.
* * * LOW HITPOINT WARNING * * *
Unknown command.
You closely miss the orc.
The orc is heavily wounded.
The orc priest barely misses you. The orc hits you with a +0 hand axe.
* * * LOW HITPOINT WARNING * * *
The orc priest mumbles some strange prayers to Beogh against you.
Beogh smites you!
You die...

###.#.
........# #.#
....#
........###.#
#####
...##)....#
... ###†###
## #.# .. #†#
#. #.#
####.o####.#
.....oo@...#
##..########
∆


You could see an orc priest and 2 orcs.

Vanquished Creatures
  A hound (D:2)
  2 adders (D:2)
  2 worms
  6 dart slugs
  2 orcs (D:3)
  3 endoplasms
  4 giant cockroaches
  7 hobgoblins
  7 kobolds
  3 quokkas
  6 ball pythons
  6 bats
  8 frilled lizards (D:1)
  5 goblins (D:1)
  4 rats
66 creatures vanquished.

Vanquished Creatures (others)
  2 plants (D:1)
2 creatures vanquished.

Grand Total: 68 creatures vanquished

Notes
Turn   | Place    | Note
-------+----------+-------------------------------------------
     0 | Abyss:1  | Gargoyl the Gnoll Abyssal Knight began the quest for the
                  | Orb.
     0 | Abyss:1  | Reached XP level 1. HP: 23/23 MP: 3/3
    59 | Abyss:1  | Noticed an ancient zyme
    59 | Abyss:1  | Noticed a sixfirhy
    64 | D:1      | Escaped the Abyss
   143 | D:1      | Reached * piety under Lugonu
   159 | D:1      | Reached XP level 2. HP: 21/29 MP: 5/5
   745 | D:1      | Reached XP level 3. HP: 31/35 MP: 6/6
  1265 | D:1      | Found a faded altar of an unknown god.
  1594 | D:2      | Reached skill level 1 in Short Blades
  1594 | D:2      | Reached skill level 1 in Long Blades
  1594 | D:2      | Reached skill level 1 in Maces & Flails
  1594 | D:2      | Reached skill level 1 in Polearms
  1594 | D:2      | Reached skill level 1 in Staves
  1594 | D:2      | Reached skill level 1 in Slings
  1594 | D:2      | Reached skill level 1 in Bows
  1594 | D:2      | Reached skill level 1 in Crossbows
  1594 | D:2      | Reached skill level 1 in Throwing
  1594 | D:2      | Reached skill level 1 in Stealth
  1594 | D:2      | Reached skill level 1 in Shields
  1594 | D:2      | Reached skill level 1 in Unarmed Combat
  1594 | D:2      | Reached skill level 1 in Spellcasting
  1594 | D:2      | Reached skill level 1 in Evocations
  1870 | D:2      | Reached ** piety under Lugonu
  1871 | D:2      | Reached XP level 4. HP: 11/41 MP: 7/7
  1877 | D:2      | HP: 2/41 [poisoned by an adder]
  2288 | D:2      | Reached skill level 1 in Conjurations
  2288 | D:2      | Reached skill level 1 in Hexes
  2288 | D:2      | Reached skill level 1 in Summonings
  2288 | D:2      | Reached skill level 1 in Necromancy
  2288 | D:2      | Reached skill level 1 in Translocations
  2288 | D:2      | Reached skill level 1 in Transmutations
  2288 | D:2      | Reached skill level 1 in Fire Magic
  2288 | D:2      | Reached skill level 1 in Ice Magic
  2288 | D:2      | Reached skill level 1 in Air Magic
  2288 | D:2      | Reached skill level 1 in Earth Magic
  2288 | D:2      | Reached skill level 1 in Poison Magic
  2743 | D:2      | Reached XP level 5. HP: 47/47 MP: 8/8
  3066 | D:3      | Gained mutation: You are somewhat resistant to further
                  | mutation. [potion of mutation]
  3066 | D:3      | Gained mutation: You are occasionally teleported next to
                  | monsters. [potion of mutation]
  3072 | D:3      | Killed from afar by an orc priest

Illustrated notes

Levels and vault maps discovered:
D:1:      roderic_chinese_lattice_arrival, layout_basic,
          chequers_ecumenical_altar_lobes, serial_bayou_pond_b,
          amcnicky_mini_rare_corridor_liquid, roderic_roman_lattice,
          hangedman_decor_riveting, minmay_pentomino_q2
D:2:      layout_loops_cross, kennysheep_generic_room_8
D:3:      layout_loops_ring

Skill      XL: |  1  2  3  4 |
---------------+-------------+-----
Short Blades   | 1 |  1.4
Long Blades    | 1 |  1.4
Maces & Flails | 1 |  1.4
Polearms       | 1 |  1.4
Staves         | 1 |  1.4
Slings         | 1 |  1.4
Bows           | 1 |  1.4
Crossbows      | 1 |  1.4
Throwing       | 1 |  1.4
Stealth        | 1 |  1.4
Shields        | 1 |  1.4
Unarmed Combat | 1 |  1.4
Spellcasting   | 1 |  1.4
Evocations     | 1 |  1.4
Conjurations   | 1 |  1.1
Hexes          | 1 |  1.1
Summonings     | 1 |  1.1
Necromancy     | 1 |  1.1
Translocations | 1 |  1.1
Transmutations | 1 |  1.1
Fire Magic     | 1 |  1.1
Ice Magic      | 1 |  1.1
Air Magic      | 1 |  1.1
Earth Magic    | 1 |  1.1
Poison Magic   | 1 |  1.1
Fighting       | |  6.6
Axes           | |  4.7
Armour         | |  4.7
Dodging        | |  2.9
Invocations    | |  4.8

Action                   |  1- 3 |  4- 6 || total
-------------------------+-------+-------++-------
Melee: Hand axe          |   129 |    67 ||   196
       Bite              |    16 |     4 ||    20
       Punch             |     1 |     1 ||     2
Throw: Dart              |       |     3 ||     3
Invok: Depart the Abyss  |     1 |       ||     1
  Use: Scroll            |     4 |     2 ||     6
       Potion            |       |     4 ||     4
 Stab: Sleeping          |     1 |     3 ||     4
       Invisible         |       |     1 ||     1
Armor: Leather armour    |    48 |    16 ||    64
Dodge: Dodged            |   100 |    53 ||   153

Table legend: (Time is in decaauts)
 A = Elapsed time spent in this place.
 B = Non-inter-level travel time spent in this place.
 C = Inter-level travel time spent in this place.
 D = Time resting spent in this place.
 E = Time spent auto-exploring this place.
 F = Levels seen in this place.
 G = Mean time per level.
                   A        B        C        D        E       F      G
               +--------+--------+--------+--------+--------+-----+--------+
         Total |   3089 |   3035 |     54 |      0 |   2445 |   4 |  772.2 |
       Dungeon |   3024 |   2970 |     54 |      0 |   2385 |   3 | 1008.0 |
         Abyss |     65 |     65 |      0 |      0 |     60 |   1 |   65.0 |
               +--------+--------+--------+--------+--------+-----+--------+

Top non-repeatable levels by time:
     D:1: 1458 daAuts
     D:2: 1363 daAuts
     D:3: 202 daAuts
 Abyss:1: 65 daAuts
